 Dungeon Crawl Stone Soup version 0.31-a0-202-g547052bce9 (webtiles) character file.

Game seed: 11217327874767299577

29 lunkers the Charlatan (level 3, -9/31 HPs)
             Began as a Meteoran Wanderer on June 26, 2023.
             Mangled by Crazy Yiuf
             ... wielding a +3 quarterstaff of chaos
              (14 damage)
             ... while paralysed by Crazy Yiuf
             ... on level 2 of the Dungeon.
             The game lasted 00:02:23 (384 turns).

lunkers the Charlatan (Meteoran Wanderer)            Turns: 384, Time: 00:02:23

Health: -9/31      AC: 10    Str: 14    XL:     3   Next: 52%
Magic:  6/6        EV:  2    Int:  9    God:
Gold:   58         SH:  0    Dex: 19    Spells: 4/4 levels left

rFire   . . .        a - +0 sling
rCold   + . .        (no shield)
rNeg    . . .        b - +0 chain mail
rPois   .            g - +0 helmet
rElec   .            (no cloak)
rCorr   .            (no gloves)
SInv    .            (no boots)
Will    .....        (no amulet) Stlth
                     i - ring of protection from cold
HPRegen 0.25/turn    (no ring)
MPRegen 0.10/turn

%: no passive effects
@: paralysed, lethally poisoned (-9 -> -12), glowing
A: sense surroundings 1, otherworldly, glowing, explore regen
a: no special abilities


You were on level 2 of the Dungeon.
You visited 1 branch of the dungeon, and saw 2 of its levels.

You collected 58 gold pieces.

Inventory:

Hand Weapons
 a - a +0 sling (weapon)
Armour
 b - a +0 chain mail (worn)
 g - a +0 helmet (worn)
Jewellery
 i - a ring of protection from cold (left hand)
Scrolls
 d - a scroll of teleportation
 j - a scroll of noise {unknown}
Potions
 f - a potion of haste
 h - a potion of brilliance
Miscellaneous
 c - a piece from Xom's chessboard (10/15)


   Skills:
 + Level 3.0 Fighting
 - Level 2.1 Ranged Weapons
 - Level 3.6 Armour
 - Level 1.3 Spellcasting
 - Level 1.2 Invocations
 - Level 3.6 Evocations


You had 4 spell levels left.
You didn't know any spells.
Your spell library was empty.

Dungeon Overview and Level Annotations

Branches:
Dungeon (2/15) Zot: 755

Altars:

Annotations:
D:2 Crazy Yiuf


Innate Abilities, Weirdness & Mutations

You passively map a small area around you.
You are easily found by Zot.
You glow in the dark.
You regain HP and MP as you explore.


Message History

Found a runed translucent door.
No target in view!
Crazy Yiuf screams, "Announcement return to song poople!"
Key pressed, stopping explore.
No target in view!
No target in view!
As you read the scroll labelled MOZY RIPLUO, it crumbles to dust.
It is a scroll of identify.
f - a potion of haste
As you read the scroll of identify, it crumbles to dust.
h - a potion of brilliance
Okay, then.
You open the door.
You make a move on Xom's chessboard...
Crazy Yiuf twists and deforms.
Crazy Yiuf drinks a potion.
Crazy Yiuf goes berserk!
Unknown command.
Unknown command.
You make a move on Xom's chessboard...
Crazy Yiuf easily resists.
Crazy Yiuf hits you with a +3 quarterstaff of chaos.
Crazy Yiuf hits you with a +3 quarterstaff of chaos!
* * * LOW HITPOINT WARNING * * *
Crazy Yiuf freezes you.
* * * LOW HITPOINT WARNING * * *
You make a move on Xom's chessboard...
Crazy Yiuf is unaffected.
Crazy Yiuf closely misses you.
Unknown command.
You make a move on Xom's chessboard...
Crazy Yiuf easily resists.
Crazy Yiuf hits you but does no damage.
You are poisoned.
Crazy Yiuf hits you with a +3 quarterstaff of chaos.
* * * LOW HITPOINT WARNING * * *
You suddenly lose the ability to move!
You feel sick.
Crazy Yiuf hits you with a +3 quarterstaff of chaos.
* * * LOW HITPOINT WARNING * * *
Crazy Yiuf burns you.
* * * LOW HITPOINT WARNING * * *
You feel sick. Crazy Yiuf completely misses you.
Crazy Yiuf hits you with a +3 quarterstaff of chaos!
You die...

..........######..##
#####.##### #....#
#.# #....# ### #.#
##...# ..###.# ##.##
#.....# * # ##.#
#..#####...# #.##
#........# ##.#
#...###### #@##
#...# #g# ....# *...
....# #...# .<.##
#)..# ...# #####
...# ...# * ...#


You could see Crazy Yiuf (berserk, misshapen).

Vanquished Creatures
  A dart slug (D:1)
  2 ball pythons (D:1)
  2 bats
  An endoplasm (D:1)
  A giant cockroach (D:1)
  4 hobgoblins
  4 jackals (D:1)
  2 quokkas (D:1)
  2 frilled lizards
  A goblin (D:1)
  2 kobolds (D:2)
  A rat (D:2)
23 creatures vanquished.

Notes
Turn   | Place    | Note
-------+----------+-------------------------------------------
     0 | D:1      | lunkers the Meteoran Wanderer began the quest for the Orb.
     0 | D:1      | lunkers set off with the following items: a +0 sling, a +0
                  | chain mail, a piece from Xom's chessboard (15/15), a scroll
                  | of teleportation.
     0 | D:1      | Reached XP level 1. HP: 14/14 MP: 3/3
    34 | D:1      | Reached skill level 1 in Fighting
    62 | D:1      | Reached XP level 2. HP: 11/23 MP: 5/5
   132 | D:1      | Reached XP level 3. HP: 30/30 MP: 6/6
   368 | D:2      | Found a runed translucent door.
   369 | D:2      | Noticed Crazy Yiuf
   382 | D:2      | Paralysed by Crazy Yiuf for 5 turns
   384 | D:2      | Mangled by Crazy Yiuf

Illustrated notes

Levels and vault maps discovered:
D:1:      shiori_shiawase, layout_basic, minmay_tetromino_s4
D:2:      layout_loops_ring, nicolae_concentric_dashed_squares_wild,
          uniq_terence, uniq_crazy_yiuf_cottage

Skill      XL: |  1  2  3 |
---------------+----------+-----
Fighting       | 1 2 3 |  3.0
Ranged Weapons | |  2.1
Armour         | |  3.6
Spellcasting   | |  1.3
Invocations    | |  1.2
Evocations     | |  3.6

Action                     || total
---------------------------++-------
   Fire: Sling             ||    81
  Evoke: Piece from Xom's  ||     6
    Use: Scroll            ||     2
 Armour: Chain mail        ||    70
  Dodge: Dodged            ||    28

Table legend: (Time is in decaauts)
 A = Elapsed time spent in this place.
 B = Non-inter-level travel time spent in this place.
 C = Inter-level travel time spent in this place.
 D = Time resting spent in this place.
 E = Time spent auto-exploring this place.
 F = Levels seen in this place.
 G = Mean time per level.
                   A        B        C        D        E       F      G
               +--------+--------+--------+--------+--------+-----+--------+
         Total |    443 |    443 |      0 |      0 |    239 |   2 |  221.5 |
       Dungeon |    443 |    443 |      0 |      0 |    239 |   2 |  221.5 |
               +--------+--------+--------+--------+--------+-----+--------+

Top non-repeatable levels by time:
     D:1: 314 daAuts
     D:2: 129 daAuts
